 Dungeon Crawl Stone Soup version 0.31-a0-840-g6d2ecbb638 (webtiles) character file.

Game seed: 3078673970432569304

67 BinkBink the Magician (level 4, -5/24 HPs)
             Began as a Deep Elf Fire Elementalist on Sept 27, 2023.
             Slain by Edmund
             ... wielding a +4 flail of protection
              (9 damage)
             ... on level 4 of the Dungeon.
             The game lasted 00:05:13 (2319 turns).

BinkBink the Magician (Deep Elf Fire Elementalist)  Turns: 2319, Time: 00:05:14

Health: -5/24      AC:  2    Str:  5    XL:     4   Next: 0%
Magic:  1/12       EV: 12    Int: 22    God:
Gold:   55         SH:  0    Dex: 15    Spells: 8/11 levels left

rFire   . . .        (no weapon)
rCold   . . .        (no shield)
rNeg    . . .        a - +0 robe
rPois   .            (no helmet)
rElec   .            (no cloak)
rCorr   .            (no gloves)
SInv    .            (no boots)
Will    .....        (no amulet)
Stlth   ++           (no ring)
HPRegen 0.24/turn    (no ring)
MPRegen 0.13/turn

%: no passive effects
@: no status effects
A: no striking features
a: no special abilities


You were on level 4 of the Dungeon.
You visited 1 branch of the dungeon, and saw 4 of its levels.

You collected 55 gold pieces.

Inventory:

Armour
 a - a +0 robe (worn)
Magical Staves
 m - a staff of death
Jewellery
 i - a ring of fire
 j - the ring of Yxaelo {rElec rCorr Dex+5}
   (You took it off a goblin on level 2 of the Dungeon)

   [ring of resist corrosion]

   Dex+5:     It affects your dexterity (+5).
   rElec:     It insulates you from electricity.
   rCorr:     It protects you from acid and corrosion.
Wands
 o - a wand of flame (21)
Scrolls
 c - 3 scrolls of identify {unknown}
 e - a scroll of enchant armour {unknown}
 f - 2 scrolls of enchant weapon {unknown}
 g - a scroll of noise {unknown}
 h - 2 scrolls of amnesia {unknown}
 l - 3 scrolls of teleportation {unknown}
Potions
 b - a potion of magic
 d - 2 potions of curing {unknown}
 k - a potion of haste {unknown}
 n - 2 potions of might {unknown}
 p - a potion of lignification {unknown}


   Skills:
 - Level 2.4 Dodging
 - Level 2.4 Stealth
 + Level 4.2 Spellcasting
 + Level 2.5 Conjurations
 + Level 4.1 Fire Magic


You had 8 spell levels left.
You knew the following spells:

 Your Spells              Type           Power      Damage    Failure   Level
a - Foxfire               Conj/Fire      76%        2x1d7     2%          1
b - Scorch                Fire           44%        2d6       3%          2

Your spell library contained the following spells:

 Spells                   Type           Power      Damage    Failure   Level
 Inner Flame              Hex/Fire       13%        N/A       14%         3
 Volatile Blastmotes      Fire/Tloc      26%        2d12      14%         3
 Dazzling Flash           Conj/Hex       20%        N/A       21%         3
 Flame Wave               Conj/Fire      19%        2d7       28%         4
 Gell's Gravitas          Tloc           4%         N/A       32%         3
 Teleport Other           Tloc           4%         N/A       32%         3
 Agony                    Necr           4%         N/A       97%         5
 Silence                  Hex/Air        2%         N/A       97%         5
 Dispersal                Tloc           2%         N/A       100%        6


Dungeon Overview and Level Annotations

Branches:
Dungeon (4/15)
 Temple: D:4-7

Altars:

Shops:
D:2 ?

Annotations:
D:3 1 runed translucent door, Crazy Yiuf
D:4 Edmund


Message History

Edmund says, "People will remember me!
They'll remember me and die!"
Casting: Scorch (safe; 3% risk of failure)
Confirm with . or Enter, or press ? or * to list all spells.
You conjure some foxfire!
Edmund hits you with a +4 flail of protection!
Unknown command.
The foxfire hits Edmund but does no damage.
Edmund is lightly wounded.
The foxfire hits Edmund.
Edmund is burned terribly!
Edmund is moderately wounded.
Casting: Foxfire (safe; 2% risk of failure)
Confirm with . or Enter, or press ? or * to list all spells.
You conjure some foxfire!
Edmund is no longer more vulnerable to fire.
Edmund closely misses you.
Casting: Foxfire (safe; 2% risk of failure)
Confirm with . or Enter, or press ? or * to list all spells.
Flames lash Edmund.
Edmund is heavily wounded.
Edmund's fire resistance burns away.
The foxfire hits Edmund.
Edmund is heavily wounded.
The foxfire hits Edmund but does no damage.
Edmund is heavily wounded.
Edmund completely misses you.
Casting: Scorch (safe; 3% risk of failure)
Confirm with . or Enter, or press ? or * to list all spells.
Flames lash Edmund but do no damage.
Edmund hits you with a +4 flail of protection!
Casting: Scorch (safe; 3% risk of failure)
Confirm with . or Enter, or press ? or * to list all spells.
Flames lash Edmund.
Edmund is burned terribly!
Edmund is severely wounded.
Edmund hits you with a +4 flail of protection.
* * * LOW HITPOINT WARNING * * *
Casting: Scorch (safe; 3% risk of failure)
Confirm with . or Enter, or press ? or * to list all spells.
You conjure some foxfire!
Edmund hits you with a +4 flail of protection!
You die...
Edmund says, "I'd like to see a scythe do that!"

?# .# .#
##.# #..#
#..##
##...#
#.v..##
#@@...#
#v......#
.#.####...
.#### ##
.# ##


You could see Edmund (combustible, ally target).

Vanquished Creatures
  A gnoll (D:1)
  2 worms (D:2)
  3 dart slugs
  An endoplasm (D:2)
  6 giant cockroaches
  5 goblins
  5 hobgoblins
  2 kobolds
  2 quokkas
  6 ball pythons
  A bat (D:1)
  4 frilled lizards
  6 rats
44 creatures vanquished.

Vanquished Creatures (others)
  136 foxfires
136 creatures vanquished.

Grand Total: 180 creatures vanquished

Notes
Turn   | Place    | Note
-------+----------+-------------------------------------------
     0 | D:1      | BinkBink the Deep Elf Fire Elementalist began the quest for
                  | the Orb.
     0 | D:1      | Reached XP level 1. HP: 10/10 MP: 6/6
   275 | D:1      | Reached XP level 2. HP: 8/15 MP: 0/8
   639 | D:1      | Reached XP level 3. HP: 19/19 MP: 8/10
  1119 | D:2      | Found Votoa's Magic Scroll Emporium.
  1361 | D:2      | Identified the ring of Yxaelo {rElec rCorr Dex+5}
  1896 | D:2      | Learned a level 2 spell: Scorch
  2002 | D:3      | Reached XP level 4. HP: 24/24 MP: 10/12
  2050 | D:3      | Found a runed translucent door.
  2051 | D:3      | Noticed Crazy Yiuf
  2310 | D:4      | Noticed Edmund
  2319 | D:4      | Slain by Edmund

Illustrated notes

Levels and vault maps discovered:
D:1:      wheals_arrival_shading, layout_basic, minmay_misc_feat_plants
D:2:      layout_loops_ring, serial_shops, shop
D:3:      layout_rooms, item_on_display_a, uniq_crazy_yiuf_cottage
D:4:      layout_cave_pods, minmay_temple_entry_slanted, uniq_edmund

Skill      XL: |  1  2  3 |
---------------+----------+-----
Conjurations   | 2 |  2.5
Spellcasting   | 4 |  4.2
Fire Magic     | 4 |  4.1
Dodging        | |  2.4
Stealth        | |  2.4

Action                     |  1- 3 |  4- 6 || total
---------------------------+-------+-------++-------
   Cast: Foxfire           |    79 |     4 ||    83
         Scorch            |       |     4 ||     4
 Armour: Robe              |    11 |     4 ||    15
  Dodge: Dodged            |    10 |     2 ||    12

Table legend: (Time is in decaauts)
 A = Elapsed time spent in this place.
 B = Non-inter-level travel time spent in this place.
 C = Inter-level travel time spent in this place.
 D = Time resting spent in this place.
 E = Time spent auto-exploring this place.
 F = Levels seen in this place.
 G = Mean time per level.
                   A        B        C        D        E       F      G
               +--------+--------+--------+--------+--------+-----+--------+
         Total |   2318 |   2274 |     44 |      0 |   1898 |   4 |  579.5 |
       Dungeon |   2318 |   2274 |     44 |      0 |   1898 |   4 |  579.5 |
               +--------+--------+--------+--------+--------+-----+--------+

Top non-repeatable levels by time:
     D:1: 1037 daAuts
     D:2: 865 daAuts
     D:3: 406 daAuts
     D:4: 8 daAuts
